 Dungeon Crawl Stone Soup version 0.18.1-48-g4cf74bf (webtiles) character file.

79 Apert the Skirmisher (level 4, -3/40 HPs)
             Began as a Hill Orc Fighter on Sept 6, 2016.
             Was an Initiate of Makhleb.
             Slain by a gnoll
             ... wielding a +0 whip
              (5 damage)
             ... on level 3 of the Dungeon.
             The game lasted 00:05:28 (1519 turns).

Apert the Skirmisher (Hill Orc Fighter)             Turns: 1519, Time: 00:05:29

Health: -3/40      AC:  5    Str: 19    XL:     4   Next: 38%
Magic:  4/4        EV:  8    Int:  8    God:    Makhleb [......]
Gold:   85         SH:  9    Dex: 10    Spells: 0 memorised, 3 levels left

rFire  . . .     SeeInvis +     a - +0 war axe
rCold  . . .     Gourm    .     o - +0 ring mail (curse)
rNeg   . . .     Faith    .     c - +0 shield
rPois  .         Spirit   .     (no helmet)
rElec  .         Dismiss  .     (no cloak)
rCorr  .         Reflect  .     (no gloves)
SustAt .         Harm     .     (no boots)
MR     .....                    (no amulet)
Stlth  ..........               (no ring)
                                k - ring of see invisible

@: not resistant to hostile enchantments, extremely unstealthy
A: no striking features
a: Renounce Religion


You were on level 3 of the Dungeon.
You worshipped Makhleb.
Makhleb was noncommittal.
You were not hungry.

You visited 1 branch of the dungeon, and saw 3 of its levels.

You collected 85 gold pieces.

Inventory:

Hand Weapons
 a - a +0 war axe (weapon)
Armour
 b - a +0 scale mail
 c - a +0 shield (worn)
 o - a cursed +0 ring mail (worn)
Jewellery
 k - a ring of see invisible (left hand)
Scrolls
 e - 3 scrolls of identify {unknown}
 g - 2 scrolls of noise {unknown}
 l - 3 scrolls of enchant armour {unknown}
 p - a scroll of teleportation {unknown}
 q - a scroll of remove curse {unknown}
Potions
 d - a potion of might
 m - a potion of magic {unknown}
Comestibles
 f - 3 bread rations
 h - a beef jerky
 j - 6 fruits
 n - 5 chunks of flesh


   Skills:
 + Level 4.2 Fighting
 + Level 2.9 Axes
 + Level 4.0 Armour
 + Level 1.0 Dodging
 + Level 4.1 Shields


You had 3 spell levels left.
You didn't know any spells.

Dungeon Overview and Level Annotations

Branches:
Dungeon (3/15)

Altars:
Makhleb
Ru


Message History

You hit the gnoll.
The gnoll is severely wounded.
You closely miss the giant gecko. You block the gnoll's attack.
The giant gecko bites you but does no damage.
The gnoll hits you. The giant gecko bites you. The gnoll hits you with a whip.
* * * LOW HITPOINT WARNING * * *
The gnoll hits you!
* * * LOW HITPOINT WARNING * * *
Welcome back, Apert the Hill Orc Fighter.
Blood and souls for Makhleb!
Press ? for a list of commands and other information.
Drink which item? (? for menu, Esc to quit)
Okay, then.
Okay, then.
Drink which item? (? for menu, Esc to quit)
It was a potion of cure mutation.
It has a very clean taste.
The giant gecko bites you.
* * * LOW HITPOINT WARNING * * *
The gnoll hits you with a whip.
You die...

.........#.≈.#.................
..#####..#...#######....#.####.
#......#.#.≈.# #............
######.#.#...###.....#.......#
#...#≈_≈#.......#.......#
##..#≈≈≈###.............#
#######..##### #.....#.......
........###...##g.).##.......
........# #...gl@..## .#.##
........# #.#..g##.# .#
........# #... ..# #.......#
#... ..# ..........# #... ..#
..........# #... .l
...............# ..
...........##.# .(.
..........###.##....


You could see 3 gnolls and a giant gecko.

Vanquished Creatures
  An adder (D:3)
  A dart slug (D:2)
  3 giant geckos
  A giant cockroach (D:3)
  9 goblins
  A hobgoblin (D:1)
  12 jackals
  6 kobolds
  A quokka (D:3)
  7 bats
  15 giant newts
  8 rats
65 creatures vanquished.

Notes
Turn   | Place    | Note
--------------------------------------------------------------
     0 | D:1      | Apert the Hill Orc Fighter began the quest for the Orb.
     0 | D:1      | Reached XP level 1. HP: 19/19 MP: 1/1
   140 | D:1      | Reached XP level 2. HP: 24/27 MP: 2/2
   277 | D:1      | Reached XP level 3. HP: 31/33 MP: 3/3
  1029 | D:2      | Found a burning altar of Makhleb.
  1029 | D:2      | Noticed an Executioner
  1032 | D:2      | Noticed a hellwing
  1032 | D:2      | Noticed a hellwing
  1036 | D:2      | Became a worshipper of Makhleb the Destroyer
  1210 | D:2      | Reached XP level 4. HP: 25/40 MP: 4/4
  1450 | D:3      | Reached skill level 1 in Dodging
  1463 | D:3      | Found a sacrificial altar of Ru.
  1519 | D:3      | HP: 2/40 [giant gecko (2)]
  1519 | D:3      | Slain by a gnoll

Skill      XL: |  1  2  3  4 |
---------------+-------------+-----
Fighting       | 4 |  4.2
Shields        | 4 |  4.1
Armour         | 4 |  4.0
Dodging        | 1 |  1.0
Axes           | |  2.9

Action                   |  1- 3 |  4- 6 || total
-------------------------+-------+-------++-------
Melee: War axe           |   139 |    50 ||   189
  Use: Potion            |       |     1 ||     1
  Eat: Chunk             |     1 |     1 ||     2
Armor: Scale mail        |    62 |       ||    62
       Ring mail         |    16 |    18 ||    34
Dodge: Dodged            |    61 |    22 ||    83
Block: Shield            |   108 |    37 ||   145
